 Dungeon Crawl Stone Soup version 0.30-a0-561-g1b0378597e (webtiles) character file.

Game seed: 441846666550747471

25593 Bnni the Skirmisher (level 13, 0/104 HPs)
             Began as a Formicid Hexslinger on Dec 28, 2022.
             Was a Priest of Dithmenos.
             Slain by an enormous slime creature (60 damage)
             ... on level 12 of the Dungeon.
             The game lasted 00:38:33 (16058 turns).

Bnni the Skirmisher (Formicid Hexslinger)          Turns: 16058, Time: 00:38:34

Health: 0/104      AC:  7    Str: 21    XL:     13   Next: 51%
Magic:  2/19       EV: 11    Int: 20    God:    Dithmenos [***...]
Gold:   483        SH: 17    Dex: 16    Spells: 7/18 levels left

rFire   + . .      SeeInvis +    a - +0 shortbow
rCold   + . .      Faith    .    v - +5 kite shield of Lesser Demons {rF+ rC+ Int+4}
rNeg    . . .      Spirit   .    F - +0 robe {rC+}
rPois   +          Reflect  .    (helmet unavailable)
rElec   .          Harm     .    m - +2 cloak
rCorr   .          Rampage  .    p - +0 pair of gloves
Will    +....                    L - +0 pair of boots
Stlth   ++                       f - amulet of magic regeneration
HPRegen 0.37/turn                R - ring of the Endless Expanse {*Slow rPois rF- Str+6 Slay+4}
MPRegen 0.56/turn                K - ring of fire

@: portalling projectiles, wreathed by umbra
A: permanent stasis, dig shafts and tunnels, antennae 3, four strong arms
a: Dig, Shaft Self, Renounce Religion, Shadow Step


You were on level 12 of the Dungeon.
You worshipped Dithmenos.
Dithmenos was most pleased with you.
You visited 2 branches of the dungeon, and saw 13 of its levels.

You collected 1277 gold pieces.
You spent 794 gold pieces at shops.

Inventory:

Hand Weapons
 a - a +0 shortbow (weapon)
Missiles
 D - 3 throwing nets
 G - a curare-tipped dart
Armour
 m - a +2 cloak (worn)
 p - a +0 pair of gloves (worn)
 v - the +5 kite shield of Lesser Demons (worn) {rF+ rC+ Int+4}
   (You found it on level 4 of the Dungeon)

   Int:       It affects your intelligence (+4).
   rF:        It protects you from fire.
   rC:        It protects you from cold.
 F - a +0 robe of cold resistance (worn)
 L - a +0 pair of boots (worn)
Jewellery
 f - an amulet of magic regeneration (around neck)
 J - a ring of resist corrosion
 K - a ring of fire (right hand)
 N - a +4 ring of protection
 R - the ring of the Endless Expanse (left hand) {*Slow rPois rF- Str+6 Slay+4}
   (You bought it in a shop on level 4 of the Dungeon)

   [ring of strength]

   Str:       It affects your strength (+6).
   Slay:      It affects your accuracy & damage with ranged weapons and melee
   (+4).
   rF:        It makes you vulnerable to fire.
   rPois:     It protects you from poison.
   *Slow:     It may slow you when you take damage.
Wands
 t - a wand of flame (84)
 x - a wand of polymorph (12)
 y - a wand of paralysis (14)
 I - a wand of mindburst (1)
Scrolls
 b - 3 scrolls of poison
 c - a scroll of acquirement {unknown}
 h - a scroll of silence {unknown}
 j - 4 scrolls of amnesia {unknown}
 o - 3 scrolls of magic mapping {unknown}
 q - 2 scrolls of enchant weapon {unknown}
 s - 5 scrolls of fog
 w - a scroll of noise {unknown}
 B - a scroll of brand weapon
 C - 3 scrolls of torment {unknown}
 H - 3 scrolls of fear {unknown}
 M - a scroll of vulnerability {unknown}
 P - 3 scrolls of summoning {unknown}
 Q - a scroll of immolation
Potions
 d - 2 potions of attraction
 e - 5 potions of degeneration {unknown}
 g - 3 potions of mutation
 i - a potion of might
 k - a potion of magic
 l - 4 potions of ambrosia {unknown}
 n - 2 potions of resistance
 r - 3 potions of cancellation {unknown}
 u - 2 potions of lignification
 z - 4 potions of curing {unknown}
 A - 2 potions of brilliance
 O - 2 potions of berserk rage {unknown}


   Skills:
 + Level 10.4 Fighting
 * Level 13.3 Ranged Weapons
 - Level 1.7 Dodging
 - Level 10.0 Shields
 - Level 3.0 Spellcasting
 - Level 12.0 Hexes
 - Level 3.0 Translocations
 - Level 3.0 Fire Magic
 + Level 8.1 Invocations


You had 7 spell levels left.
You knew the following spells:

 Your Spells              Type           Power      Damage    Failure   Level
a - Slow                  Hex            100%       N/A       1%          1
b - Inner Flame           Hex/Fire       49%        N/A       3%          3
c - Portal Projectile     Hex/Tloc       66%        N/A       3%          3
d - Cause Fear            Hex            25%        N/A       1%          4

Your spell library contained the following spells:

 Spells                   Type           Power      Damage    Failure   Level
 Dazzling Flash           Conj/Hex       54%        N/A       7%          3
 Gell's Gravitas          Tloc           15%        N/A       22%         3
 Lesser Beckoning         Tloc           30%        N/A       22%         3
 Teleport Other           Tloc           15%        N/A       22%         3
 Fulminant Prism          Conj/Hex       13%        3d8       22%         4
 Magic Dart               Conj           12%        1d3       26%         1
 Searing Ray              Conj           6%         2d4       36%         2
 Silence                  Hex/Air        13%        N/A       52%         5
 Agony                    Necr           3%         N/A       100%        5


Dungeon Overview and Level Annotations

Branches:
Dungeon (12/15)            Temple (1/1) D:5            Lair (0/5) D:8
    Orc (0/2) D:12

Altars:
Ashenzari
Cheibriados
Dithmenos
Elyvilon
Gozag
Hepliaklqana
Kikubaaqudgha
Makhleb
Okawaru
Qazlal
Ru
Sif Muna
Trog
Uskayaw
Vehumet
Wu Jian
Xom
Yredelemnul
Zin
The Shining One

Shops:
D:1 [   D:4 *   D:6 (


Innate Abilities, Weirdness & Mutations

You cannot be hasted, slowed, berserked, paralysed or teleported.
You can dig through walls and to a lower floor.
You have a pair of large antennae on your head. (SInv)
Your four strong arms can wield two-handed weapons with a shield.


Message History

Casting: Inner Flame (mildly dangerous; 3% risk of failure)
Confirm with . or Enter, or press ? or * to list all spells.
You begin teleporting projectiles to their destination.
The slime creature hits you but does no damage.
Two slime creatures merge to form a large slime creature.
Fire: a) +0 shortbow
Press: ? - help, Shift-Dir - straight line, f - large slime creature
Aim: a large slime creature (umbra, 92% to hit)
Casting: Portal Projectile (mildly dangerous; 3% risk of failure)
Confirm with . or Enter, or press ? or * to list all spells.
Aiming: Inner Flame (mildly dangerous; 3% risk of failure)
Press: ? - help, Dir - move target, f - large slime creature
Aim: a large slime creature (umbra, chance to affect: 83%)
You feel a surge of power!
The large slime creature is filled with an inner flame.
Two slime creatures merge to form a very large slime creature.
Casting: Inner Flame (mildly dangerous; 3% risk of failure)
Confirm with . or Enter, or press ? or * to list all spells.
Aiming: Slow (safe; 1% risk of failure)
Press: ? - help, Shift-Dir - straight line, f/p - very large slime creature
Aim: a very large slime creature (inner flame, umbra, chance to affect: 38%)
The very large slime creature resists with some effort.
Two slime creatures merge to form an enormous slime creature.
Casting: Slow (safe; 1% risk of failure)
Confirm with . or Enter, or press ? or * to list all spells.
Casting: Cause Fear (mildly dangerous; 1% risk of failure)
Press: ? - help, Dir - look around, f - activate The enormous slime creature resists with almost no effort.
You block the enormous slime creature's attack.
Casting: Cause Fear (mildly dangerous; 1% risk of failure)
Confirm with . or Enter, or press ? or * to list all spells.
Casting: Cause Fear (mildly dangerous; 1% risk of failure)
Press: ? - help, Dir - look around, f - activate The slime creature looks frightened!
The enormous slime creature resists with some effort.
The enormous slime creature hits you!!!
The enormous slime creature attacks as you move away!
The enormous slime creature hits you!!!
Ouch! That really hurt!
You die...

#.>..##.## ........ #....##..#
........ ####.##..##+######
........ #.##...##....≈#
##.......
#.##.#.##....≈######?..)..
####.##...)#....J#.........
#.....###..#≈≈≈≈≈#.....#.#
#.#######..#####J'.......#
#.####≈##....##@##.......###
#.##≈≈≈ #.#..##..######....#
#.#≈≈####.#...##.......#.#..#
#.#≈≈#..........#>.......##....
#..≈≈..##.#...###........{####..
##.≈≈~.##.#...###......##..# #
#~.~~...#.#............# #.# {{
#...~...#.#..~~~~~.....# .J.{
#..≈~...#....~###≈.....# #.##


You could see an enormous slime creature (inner flame) and a slime creature
(fleeing).

Vanquished Creatures
  3 boulder beetles
  A centaur warrior (D:11)
  8 two-headed ogres
  The ghost of Opifex the Chopper, a novice DsFi (D:7)
  Lodul (D:10)
  2 deep elf pyromancers (D:11)
  Joseph (D:7)
  3 manticores
  A gargoyle (D:12)
  3 unseen horrors
  A komodo dragon (D:12)
  3 kobold demonologists
  4 trolls
  A hornet (D:8)
  7 slime creatures
  Prince Ribbit (D:7)
  A vampire (D:11)
  4 wyverns
  A centaur simulacrum (D:11)
  6 wraiths
  9 yaks
  2 basilisks
  A steam dragon (D:8)
  6 vampire mosquitoes
  2 wargs (D:12)
  An acid dragon (D:9)
  4 water moccasins
  An orc warrior (D:8)
  9 ogres
  2 black bears
  An ice beast (D:6)
  11 centaurs
  2 phantoms
  3 kobold brigands
  3 bullfrogs
  A necrophage (D:3)
  2 gnoll sergeants
  2 scorpions
  11 killer bees
  An electric eel (D:12)
  11 howler monkeys
  2 centaur zombies (D:7)
  Crazy Yiuf (D:7)
  11 orc priests
  6 hounds
  3 jellies
  2 gnoll boudas (D:5)
  6 iguanas
  Natasha (thrice) (D:3)
  9 orc wizards
  13 adders
  32 gnolls
  2 shadow imps
  A howler monkey simulacrum (D:7)
  A white imp (D:5)
  4 ufetubi
  3 dart slugs
  38 orcs
  7 endoplasms
  A giant cockroach (D:3)
  4 goblins
  8 hobgoblins
  27 kobolds
  A quokka (D:2)
  8 ball pythons
  4 bats
  4 frilled lizards
  4 rats
343 creatures vanquished.

Vanquished Creatures (others)
  A vampire (D:11)
  3 bushes (D:8)
  6 fungi
  20 plants
  5 toadstools (D:4)
35 creatures vanquished.

Grand Total: 378 creatures vanquished

Notes
Turn   | Place    | Note
-------+----------+-------------------------------------------
     0 | D:1      | Bnni the Formicid Hexslinger began the quest for the Orb.
     0 | D:1      | Reached XP level 1. HP: 15/15 MP: 2/2
    62 | D:1      | Reached XP level 2. HP: 21/21 MP: 3/3
   353 | D:1      | Reached XP level 3. HP: 26/26 MP: 5/5
   357 | D:1      | Learned a level 3 spell: Inner Flame
   476 | D:1      | Found Goax's Armour Emporium.
  1079 | D:2      | Reached XP level 4. HP: 32/32 MP: 6/6
  1316 | D:3      | Reached skill level 1 in Fire Magic
  1492 | D:3      | Reached skill level 3 in Ranged Weapons
  1551 | D:3      | Noticed Natasha
  1560 | D:3      | Killed Natasha
  1561 | D:3      | Reached XP level 5. HP: 33/38 MP: 7/7
  1686 | D:3      | Noticed Natasha
  1699 | D:3      | Killed Natasha
  1879 | D:3      | Reached skill level 5 in Hexes
  1879 | D:3      | Reached XP level 6. HP: 16/45 MP: 9/9
  2001 | D:3      | Noticed Natasha
  2022 | D:3      | Killed Natasha
  2676 | D:1      | Bought a +0 tower shield for 63 gold pieces
  2676 | D:1      | Bought a +0 pair of gloves for 63 gold pieces
  2804 | D:4      | Identified the +5 kite shield of Lesser Demons {rF+ rC+
                  | Int+4}
  2888 | D:4      | Noticed a black bear
  2915 | D:4      | Killed a black bear
  2916 | D:4      | Reached skill level 4 in Ranged Weapons
  2916 | D:4      | Reached skill level 1 in Shields
  2916 | D:4      | Reached XP level 7. HP: 11/51 MP: 10/10
  3071 | D:4      | Found a basalt altar of Yredelemnul.
  3359 | D:4      | Found Wer Hoiz's General Store.
  3582 | D:4      | Learned a level 4 spell: Cause Fear
  3721 | D:4      | Learned a level 3 spell: Portal Projectile
  4035 | D:5      | Entered Level 5 of the Dungeon
  4111 | D:5      | Reached XP level 8. HP: 34/58 MP: 9/12
  4343 | D:5      | Found a burning altar of Makhleb.
  4343 | D:5      | Found a glowing silver altar of Zin.
  4344 | D:5      | Noticed an angel
  4344 | D:5      | Noticed a balrug
  4569 | D:5      | Reached skill level 5 in Ranged Weapons
  4823 | D:5      | Reached skill level 5 in Shields
  4835 | D:5      | Reached XP level 9. HP: 34/65 MP: 10/13
  5027 | D:5      | You fall into a shaft and drop 1 floor!
  5175 | D:6      | Reached skill level 6 in Ranged Weapons
  5318 | D:6      | Found Nuoxiyn's Weapon Boutique.
  5421 | D:5      | Found a staircase to the Ecumenical Temple.
  5431 | Temple   | Entered the Ecumenical Temple
  5440 | Temple   | Became a worshipper of Dithmenos the Shadowed
  5960 | D:6      | Found a radiant altar of Vehumet.
  6238 | D:6      | Reached skill level 5 in Fighting
  6367 | D:7      | Noticed Prince Ribbit
  6373 | D:7      | Killed Prince Ribbit
  6374 | D:7      | Reached skill level 7 in Ranged Weapons
  6493 | D:7      | Reached XP level 10. HP: 32/74 MP: 4/14
  6495 | D:7      | Reached * piety under Dithmenos
  6989 | D:7      | Noticed Joseph
  7001 | D:7      | Killed Joseph
  7234 | D:7      | Found a runed translucent door.
  7235 | D:7      | Noticed Crazy Yiuf
  7254 | D:7      | Killed Crazy Yiuf
  7456 | D:7      | Found a runed translucent gate.
  7456 | D:7      | Found a runed translucent gate.
  7457 | D:7      | Found a runed translucent gate.
  7462 | D:7      | Noticed Opifex's ghost (novice DsFi)
  7711 | D:7      | Found a stormy altar of Qazlal.
  7720 | D:7      | Found a shimmering altar of Xom.
  7872 | D:7      | Killed Opifex's ghost
  7873 | D:7      | Reached skill level 8 in Ranged Weapons
  7873 | D:7      | Reached skill level 1 in Translocations
  8356 | D:8      | Reached ** piety under Dithmenos
  8357 | D:8      | Reached skill level 10 in Hexes
  8363 | D:8      | Noticed a kobold demonologist
  8365 | D:8      | Noticed a kobold demonologist
  8368 | D:8      | Reached XP level 11. HP: 68/83 MP: 12/15
  8383 | D:8      | Reached skill level 10 in Shields
  8470 | D:8      | Found a staircase to the Lair.
  8491 | D:8      | Reached skill level 9 in Ranged Weapons
  9506 | D:9      | Found an ornate altar of the Wu Jian Council.
  9638 | D:9      | Found a hide-covered altar of Uskayaw.
 10258 | D:8      | Reached skill level 1 in Invocations
 11046 | D:9      | Reached *** piety under Dithmenos
 11363 | D:10     | Entered Level 10 of the Dungeon
 11657 | D:10     | Noticed Lodul
 11663 | D:10     | Killed Lodul
 11664 | D:10     | Reached skill level 10 in Ranged Weapons
 11682 | D:10     | Noticed a two-headed ogre
 11695 | D:10     | Killed a two-headed ogre
 11696 | D:10     | Reached XP level 12. HP: 52/92 MP: 16/16
 11950 | D:10     | Noticed a two-headed ogre
 11987 | D:10     | Killed a two-headed ogre
 12853 | D:4      | Bought the ring of the Endless Expanse {*Slow rPois rF-
                  | Str+6 Slay+4} for 668 gold pieces
 12966 | D:11     | Noticed a two-headed ogre
 12972 | D:11     | Killed a two-headed ogre
 13332 | D:11     | Found a runed translucent door.
 13374 | D:11     | Reached skill level 11 in Ranged Weapons
 13649 | D:11     | Found a runed translucent door.
 13862 | D:11     | Reached skill level 5 in Invocations
 13893 | D:11     | Noticed a centaur warrior
 13900 | D:11     | Killed a centaur warrior
 13921 | D:11     | Noticed a boulder beetle
 13977 | D:11     | Killed a boulder beetle
 14357 | D:11     | Noticed a boulder beetle
 14359 | D:11     | Noticed a two-headed ogre
 14367 | D:11     | Killed a boulder beetle
 14391 | D:11     | Killed a two-headed ogre
 14392 | D:11     | Reached skill level 12 in Ranged Weapons
 14468 | D:11     | Reached XP level 13. HP: 70/101 MP: 17/17
 14847 | D:12     | Found a staircase to the Orcish Mines.
 15135 | D:12     | Reached **** piety under Dithmenos
 15142 | D:12     | Reached skill level 10 in Fighting
 15170 | D:12     | Reached skill level 13 in Ranged Weapons
 16058 | D:12     | Slain by an enormous slime creature

Illustrated notes

Levels and vault maps discovered:
D:1:      eino_arrival_water_cross, layout_loops_ring, serial_shops, shop
D:2:      layout_basic
D:3:      kennysheep_six_static_rooms, layout_basic, uniq_natasha
D:4:      layout_loops_ring, mainiacjoe_overflow_brackets, serial_shops, shop,
          chequers_jeans, minmay_gold_behind_fungi, kennysheep_crisscross,
          moated_statue
D:5:      layout_loops_ring, grunt_temple_overflow_order_and_chaos_2,
          minmay_temple_entry_statues, minmay_strange_pillars,
          chequers_mini_garden, lightli_corner_chamber
D:6:      layout_rooms, vehumet_altar_wand_db, serial_shops,
          nicolae_take_the_stairs, minmay_checkerbox
D:7:      layout_cave_pods, mainiacjoe_overflow_swirl,
          gammafunk_ghost_necromancy, st_stairs_8, kennysheep_generic_room_9,
          uniq_prince_ribbit1, uniq_joseph, uniq_crazy_yiuf_cottage
D:8:      layout_loops_ring, minmay_lair_entry_grove
D:9:      layout_stronghold, nicolae_uskayaw_dance_hall, lemuel_doored_altar
D:10:     lemuel_ice_spiral_2, layout_basic, uniq_lodul
D:11:     cheibrodos_histonic, layout_basic
D:12:     layout_rooms, minmay_orc_entry_guard_dogs, serial_rivers,
          chequers_serial_rivers_marsh, chequers_serial_rivers_room_a,
          chequers_serial_rivers_large_a, chequers_serial_rivers_large_b,
          chequers_serial_rivers_micro_d, chequers_serial_rivers_small_3,
          minmay_crystal_water
Temple:   nicolae_temple_ecumenical_triangle

Skill      XL: |  1  2  3  4  5  6  7  8  9 10 11 12 13 |
---------------+----------------------------------------+-----
Hexes          | 4 5 6 7 8 10 11 12 | 12.0
Fire Magic     | 1 2 3 |  3.0
Ranged Weapons | 3 4 5 7 8 10 12 13 | 13.3
Fighting       | 2 3 4 5 6 8 9 10 | 10.4
Spellcasting   | 2 3 |  3.0
Shields        | 1 3 5 7 9 10 | 10.0
Translocations | 2 3 |  3.0
Invocations    | 3 6 8 |  8.1
Dodging        | |  1.7

Action                   |  1- 3 |  4- 6 |  7- 9 | 10-12 | 13-15 || total
-------------------------+-------+-------+-------+-------+-------++-------
 Fire: Sling             |   108 |   168 |   267 |       |       ||   543
       Shortbow          |       |       |   110 |   635 |   120 ||   865
Throw: Dart              |       |       |       |     2 |     1 ||     3
 Cast: Slow              |     2 |    14 |    10 |    12 |     4 ||    42
       Inner Flame       |       |     2 |    21 |    76 |    25 ||   124
       Portal Projectile |       |       |     2 |     4 |     3 ||     9
       Cause Fear        |       |       |       |    10 |     7 ||    17
 Abil: Dig               |       |       |     4 |     2 |     2 ||     8
Evoke: Wand              |       |       |       |     1 |       ||     1
  Use: Scroll            |       |     3 |     3 |     5 |       ||    11
       Potion            |       |       |       |       |     1 ||     1
Armor: Robe              |     9 |    40 |    53 |    49 |     9 ||   160
Dodge: Dodged            |    42 |    72 |    88 |   127 |    13 ||   342
Block: Kite shield       |       |    31 |   223 |   363 |    37 ||   654

Table legend: (Time is in decaauts)
 A = Elapsed time spent in this place.
 B = Non-inter-level travel time spent in this place.
 C = Inter-level travel time spent in this place.
 D = Time resting spent in this place.
 E = Time spent auto-exploring this place.
 F = Levels seen in this place.
 G = Mean time per level.
                   A        B        C        D        E       F      G
               +--------+--------+--------+--------+--------+-----+--------+
         Total |  16327 |  15478 |    849 |   4661 |   7815 |  13 | 1255.9 |
       Dungeon |  16312 |  15467 |    845 |   4661 |   7815 |  12 | 1359.3 |
        Temple |     14 |     10 |      4 |      0 |      0 |   1 |   14.0 |
               +--------+--------+--------+--------+--------+-----+--------+

Top non-repeatable levels by time:
     D:8: 2046 daAuts
     D:7: 1735 daAuts
    D:11: 1655 daAuts
     D:5: 1521 daAuts
     D:9: 1481 daAuts
    D:12: 1436 daAuts
     D:3: 1422 daAuts
    D:10: 1405 daAuts
     D:4: 1336 daAuts
     D:1: 894 daAuts
     D:6: 834 daAuts
     D:2: 542 daAuts
  Temple: 14 daAuts
